 Dungeon Crawl Stone Soup version 0.25.1-2-g60ff931df9 (webtiles) character file.

Game seed: 3450755215692902937

46 Exodus22XD the Shooter (level 3, 0/43 HPs)
             Began as a Centaur Hunter on Oct 11, 2020.
             Slain by a hobgoblin
             ... wielding a +0 club
              (3 damage)
             ... on level 2 of the Dungeon.
             The game lasted 00:01:26 (1172 turns).

Exodus22XD the Shooter (Centaur Hunter)             Turns: 1172, Time: 00:01:26

Health: 0/43       AC:  4    Str: 15    XL:     3   Next: 46%
Magic:  3/3        EV:  9    Int: 10    God:
Gold:   34         SH:  0    Dex:  9    Spells: 2/2 levels left

rFire    . . .     SeeInvis .   b - +0 short sword
rCold    . . .     Gourm    .   (no shield)
rNeg     . . .     Faith    .   c - +0 leather armour
rPois    .         Spirit   .   (no helmet)
rElec    .         Reflect  .   (no cloak)
rCorr    .         Harm     .   (no gloves)
MR       .....                  (no barding)
Stlth    ..........             j - amulet of magic regeneration
HPRegen  0.14/turn              (no ring)
MPRegen  0.33/turn              (no ring)

@: berserking (expiring), lethally poisoned (0 -> -4), very quick
A: large, hooves 3, deformed body, speed 2, tough skin 3
a: no special abilities


You were on level 2 of the Dungeon.
You were not hungry.

You visited 1 branch of the dungeon, and saw 2 of its levels.

You collected 34 gold pieces.

Inventory:

Hand Weapons
 a - a +1 shortbow
 b - a +0 short sword (weapon)
Missiles
 d - 55 arrows
Armour
 c - a +0 leather armour (worn)
Jewellery
 j - an amulet of magic regeneration (around neck)
Scrolls
 h - a scroll of identify {unknown}
 i - a scroll of enchant weapon {unknown}
 k - a scroll of random uselessness {unknown}
Potions
 l - a potion of might {unknown}
Comestibles
 f - 2 rations
 g - 4 chunks of flesh


   Skills:
 + Level 2.1 Fighting
 + Level 6.3 Bows
 * Level 1.0 Armour
 + Level 1.6 Dodging
 - Level 0.4 Stealth


You had 2 spell levels left.
You didn't know any spells.
Your spell library was empty.

Dungeon Overview and Level Annotations

Branches:
Dungeon (2/15)

Altars:


Innate Abilities, Weirdness & Mutations

You have hooves in place of feet.
Armour fits poorly on your strangely shaped body.
You cover ground very quickly.
You have extremely tough skin. (AC +3)


Message History

You barely miss the hobgoblin. Your kick misses the hobgoblin.
The bat barely misses you.
The hobgoblin hits you but does no damage.
The goblin closely misses you.
You closely miss the hobgoblin.
* * * LOW HITPOINT WARNING * * *
You feel sick. The bat barely misses you.
The hobgoblin hits you but does no damage.
You puncture the bat!
You kill the bat!
The goblin closely misses you.
You barely miss the goblin.
* * * LOW HITPOINT WARNING * * *
You feel sick.
The hobgoblin hits you but does no damage.
The goblin closely misses you.
You hit the goblin.
You kill the goblin!
The hobgoblin hits you with a +0 club.
You die...

......####...........#
#........#...........#
#........#.........<.#
.##.....<..........÷.######
...........................
..........#..........###..#
.##.......#..........# ##..
..........#†.......... ###
.........g@..##....#### #
.........##...#..#.#######
.........###.............#
.........###.##.#.##.###.#
.........#...÷..#.....##.##
.........#.....#####..##...
........#.....# #....###
........#.....# ###..#
#########.....# ####


You could see a hobgoblin.

Vanquished Creatures
  An adder (D:2)
  2 dart slugs (D:1)
  2 leopard geckos (D:1)
  5 goblins
  3 hobgoblins
  2 jackals (D:1)
  3 kobolds (D:1)
  A quokka (D:2)
  A ball python (D:1)
  3 bats
  2 frilled lizards (D:1)
  7 rats (D:1)
32 creatures vanquished.

Notes
Turn   | Place    | Note
-------+----------+-------------------------------------------
     0 | D:1      | Exodus22XD the Centaur Hunter began the quest for the Orb.
     0 | D:1      | Reached XP level 1. HP: 17/17 MP: 1/1
   184 | D:1      | Reached XP level 2. HP: 23/24 MP: 2/2
   456 | D:1      | Reached skill level 6 in Bows
   636 | D:1      | Reached XP level 3. HP: 29/29 MP: 3/3
  1166 | D:2      | Reached skill level 1 in Armour
  1172 | D:2      | Slain by a hobgoblin

Illustrated notes

Levels and vault maps discovered:
D:1:      lightli_arrival_chessboard, layout_basic, minmay_misc_feat_chi,
          minmay_strange_pillars, minmay_misc_feat_iff
D:2:      layout_rooms, first_ration, minmay_box_of_dots

Skill      XL: |  1  2  3 |
---------------+----------+-----
Bows           | 6 |  6.3
Armour         | 1 |  1.0
Fighting       | |  2.1
Dodging        | |  1.6
Stealth        | |  0.4

Action                   || total
-------------------------++-------
Melee: Short sword       ||    73
       Kick              ||    12
  Use: Potion            ||     1
Armor: Leather armour    ||    28
Dodge: Dodged            ||    39
